[Event "Nordic Youth-ch A 2019"]
[Site "Borgarnes"]
[Date "2019.02.17"]
[Round "5.18"]
[White "Koota, Ilkka"]
[Black "Knudsen, Philip Uhre"]
[Result "1-0"]
[ECO "C42"]
[WhiteElo "1514"]
[BlackElo "1394"]
[Annotator "NA"]
[PlyCount "85"]
[EventDate "2019.02.03"]
[EventType "swiss"]
[EventCountry "ISL"]
[SourceTitle "playchess.com"]
[Source "ChessBase"]
[SourceQuality "1"]
[TimeControl "5400+30"]

1. e4 e5 2. Nf3 Nf6 3. Nxe5 Nc6 4. Nxc6 dxc6 5. Nc3 Bc5 6. h3 O-O 7. d3 Re8 8. Be2 b5 9. a3 a5 10. O-O Bb7 11. Qe1 Nd7 12. Kh1 Bb6 13. f4 b4 14. Nd1 c5 15. Ne3 Nf8 16. Qg3 Ne6 17. f5 Nd4 18. f6 g6 19. Bd1 Re6 20. e5 Nc6 21. Nc4 Qf8 22. Bf4 Nd4 23. Bg4 Ree8 24. c3 Ne6 25. Be3 bxa3 26. bxa3 Bc8 27. Rab1 Ra6 28. Rxb6 Rxb6 29. Nxb6 cxb6 30. Rb1 Rd8 31. Bd2 Ba6 32. Bxe6 Bxd3 33. Bxf7+ Qxf7 34. Rxb6 Bf5 35. Bg5 Re8 36. Qe3 Qd5 37. f7+ Kxf7 38. Bf6 Re6 39. Qh6 Qd1+ 40. Kh2 Rxb6 41. Qg7+ Ke6 42. Qe7+ Kd5 43. Qd8+ 1-0

[Event "Nordic Youth-ch A 2019"]
[Site "Borgarnes"]
[Date "2019.02.17"]
[Round "5.19"]
[White "Moller, Tomas"]
[Black "Jaakkola, Niklas"]
[Result "0-1"]
[ECO "B32"]
[WhiteElo "1226"]
[BlackElo "1635"]
[Annotator "NA"]
[PlyCount "60"]
[EventDate "2019.02.03"]
[EventType "swiss"]
[EventCountry "ISL"]
[SourceTitle "playchess.com"]
[Source "ChessBase"]
[SourceQuality "1"]
[TimeControl "5400+30"]

1. e4 c5 2. Nf3 Nc6 3. d4 cxd4 4. Nxd4 e5 5. Nb3 d6 6. Nc3 Be7 7. Bc4 Nf6 8. f3 Be6 9. Nd5 O-O 10. Be3 Bxd5 11. Bxd5 Nxd5 12. Qxd5 Rc8 13. c3 Bg5 14. Qd2 Bxe3 15. Qxe3 Qc7 16. O-O a6 17. a4 Ne7 18. Kh1 d5 19. Rfe1 Rfe8 20. exd5 Nxd5 21. Qe4 Nf6 22. Qe3 e4 23. fxe4 Rxe4 24. Qg3 Qxg3 25. hxg3 Kf8 26. Nd4 g6 27. Kg1 Rce8 28. Kf1 Nh5 29. Ne2 Rxe2 30. Rxe2 Nxg3+ 0-1

[Event "Nordic Youth-ch A 2019"]
[Site "Borgarnes"]
[Date "2019.02.17"]
[Round "5.20"]
[White "Smarason, Kristjan Ingi"]
[Black "Olsen, William Alexander"]
[Result "0-1"]
[ECO "E20"]
[WhiteElo "1422"]
[BlackElo "1646"]
[Annotator "NA"]
[PlyCount "60"]
[EventDate "2019.02.03"]
[EventType "swiss"]
[EventCountry "ISL"]
[SourceTitle "playchess.com"]
[Source "ChessBase"]
[SourceQuality "1"]
[TimeControl "5400+30"]

1. d4 Nf6 2. c4 e6 3. Nc3 Bb4 4. Bd2 d5 5. e3 O-O 6. Nf3 b6 7. cxd5 exd5 8. Bd3 Re8 9. O-O Bg4 10. h3 Bh5 11. a3 Bf8 12. Re1 Bg6 13. Qc2 c5 14. Bxg6 hxg6 15. e4 dxe4 16. Nxe4 Nbd7 17. Nxf6+ Qxf6 18. d5 Qd6 19. Qd3 Nf6 20. Rad1 Qxd5 21. Qc2 Qc6 22. Qb3 Ne4 23. Qc2 Bd6 24. Nd4 Qb7 25. Nb5 Rad8 26. Nxa7 Nxd2 27. Rxe8+ Rxe8 28. Qxd2 Rd8 29. Qe2 Qxa7 30. Rd3 Qa6 0-1

[Event "Nordic Youth-ch A 2019"]
[Site "Borgarnes"]
[Date "2019.02.17"]
[Round "6.2"]
[White "Kristensen, Bjarke Hautop"]
[Black "Crevatin, Leo"]
[Result "0-1"]
[ECO "A06"]
[WhiteElo "2212"]
[BlackElo "2190"]
[Annotator "NA"]
[PlyCount "86"]
[EventDate "2019.02.03"]
[EventType "swiss"]
[EventCountry "ISL"]
[SourceTitle "playchess.com"]
[Source "ChessBase"]
[SourceQuality "1"]
[TimeControl "5400+30"]

1. Nf3 d5 2. e3 Nf6 3. c4 c6 4. Nc3 e6 5. b3 Bd6 6. Bb2 O-O 7. Qc2 {A11: English Opening: 1...c6} e5 8. cxd5 cxd5 9. Nb5 Nc6 10. Nxd6 Qxd6 11. d4 e4 12. Ne5 Nb4 13. Qd2 Ne8 {[%emt 0:03:17] [#]} 14. f3 $146 ({Predecessor:} 14. h3 f6 {1-0 (37) Ivanchuk,V (2713)-Pijpers,A (2453) Batumi 2018}) 14... f6 15. fxe4 fxe5 16. dxe5 Qe7 17. exd5 Qh4+ 18. Kd1 Rf2 19. Be2 Bg4 20. Re1 Bxe2+ 21. Rxe2 Rf1+ 22. Re1 Rxe1+ 23. Qxe1 Qxe1+ 24. Kxe1 Nc2+ 25. Kd2 Nxa1 26. Bxa1 Nc7 27. e4 Rd8 28. Kd3 Nxd5 29. exd5 Rxd5+ 30. Bd4 Kf7 31. Ke4 Ke6 32. a4 a6 33. b4 b5 34. a5 Rd7 35. g4 Rf7 36. Bc5 Rf1 37. Bd6 g5 38. Kd4 Rc1 39. h3 Rc4+ 40. Kd3 Kd5 41. Kd2 Re4 42. Kd3 Re1 $19 43. Kd2 Rh1 0-1

[Event "Nordic Youth-ch A 2019"]
[Site "Borgarnes"]
[Date "2019.02.17"]
[Round "6.3"]
[White "Skaale, Janus"]
[Black "Nazarova, Anastasia"]
[Result "0-1"]
[ECO "B34"]
[WhiteElo "1765"]
[BlackElo "2176"]
[Annotator "NA"]
[PlyCount "152"]
[EventDate "2019.02.03"]
[EventType "swiss"]
[EventCountry "ISL"]
[SourceTitle "playchess.com"]
[Source "ChessBase"]
[SourceQuality "1"]
[TimeControl "5400+30"]

1. e4 c5 2. Nf3 Nc6 3. d4 cxd4 4. Nxd4 g6 5. Nc3 Bg7 6. Be3 Nf6 7. Nxc6 bxc6 8. e5 Ng8 9. Bd4 Qa5 10. f4 f6 11. Qd2 fxe5 {[%emt 0:08:30] B34: Sicilian: Accelerated Dragon with 5 Nc3: sidelines} 12. fxe5 c5 13. Be3 Bxe5 14. Bc4 {[%emt 0:02:39] [#]} e6 $2 $146 ({Predecessor:} 14... Nf6 $11 15. O-O Rb8 (15... Ba6 16. Bxa6 Qxa6 17. Bxc5 d6 18. Rae1 O-O 19. Bd4 Bxd4+ 20. Qxd4 {½-½ (36) Kasparov,G (2838)-Ivanchuk,V (2711) Prague 2002})) 15. O-O Ne7 16. Qf2 Nf5 17. Bxc5 Bb7 18. Nb5 a6 {[%emt 0:18:02] [#]} 19. Bd4 $2 (19. b4 $1 $16 {[%cal Rb4a5] keeps the pressure on.} Qd8 20. Nd4) 19... Bxd4 20. Nxd4 O-O 21. Nf3 (21. Nxf5 $11 Rxf5 22. Qd4) 21... Bxf3 22. gxf3 Qb4 23. Bb3 (23. b3 $15) 23... Qf4 ({Black should try} 23... Nh4 24. f4 {[#]} g5 $1 ) 24. Rae1 Nh4 25. Re3 Rf5 26. Kh1 Raf8 27. Qe2 (27. c3 $17) 27... g5 (27... Rh5 $19 28. Re4 Qc7) 28. Re4 $2 (28. Bc4 $17) 28... Qc7 29. Qc4 $2 (29. Rxh4 gxh4 30. Bc4) 29... Rc5 (29... Qb7 $142 30. Qb4 Qa8 31. Rxe6 dxe6 32. Bxe6+ Kg7 33. Bxf5 Rxf5 34. Qe7+ Kh8) 30. Qd3 Rcf5 (30... Rf7 $17 31. c3 Rcf5) 31. Qc4 Qb6 32. Qd4 {[%emt 0:02:21] [#]} Qxd4 (32... Qb7 $1 $19 {and Black stays clearly on top.} 33. Rxh4 Rxf3) 33. Rxd4 Rxf3 34. Rxf3 (34. Rg1 $15 Kh8 35. Rxd7) 34... Rxf3 ({Stronger than} 34... Nxf3 35. Rxd7 Rf6 36. h3 $14) 35. Kg1 Rxb3 36. Rxh4 Rxb2 37. Ra4 Rxc2 38. Rxa6 Kf7 39. a4 Ra2 40. a5 d5 41. Ra8 e5 42. a6 Kg7 43. a7 d4 44. Re8 Rxa7 45. Rxe5 Kf6 $19 46. Rd5 Ra1+ 47. Kf2 Ra2+ 48. Kg1 Rd2 49. h3 Kg6 50. Rd7 h6 51. Rd6+ Kh5 52. Kh1 Kh4 53. Kg1 Kg3 54. Kf1 h5 55. Rd5 Kh4 56. Ke1 Rd3 57. Ke2 Rxh3 58. Rxd4+ g4 59. Kf2 Rh2+ 60. Kg1 Re2 61. Rd5 Kg3 62. Kf1 Rf2+ 63. Kg1 h4 64. Rd3+ Rf3 65. Rd2 Ra3 66. Rg2+ Kf4 67. Rf2+ Rf3 68. Rb2 g3 69. Rb4+ Kg5 70. Rb5+ Kg4 71. Rb4+ Rf4 72. Rb2 h3 73. Rb1 h2+ 74. Kg2 Rf2+ 75. Kh1 Kh3 76. Rb3 Rf1# 0-1

[Event "Nordic Youth-ch A 2019"]
[Site "Borgarnes"]
[Date "2019.02.17"]
[Round "6.5"]
[White "Briem, Stephan"]
[Black "Carlsson, Ludvig"]
[Result "1-0"]
[ECO "D10"]
[WhiteElo "1987"]
[BlackElo "2217"]
[Annotator "ChessBase"]
[PlyCount "135"]
[EventDate "2019.02.03"]
[EventType "swiss"]
[EventCountry "ISL"]
[SourceTitle "playchess.com"]
[Source "ChessBase"]
[SourceQuality "1"]
[TimeControl "5400+30"]

1. d4 d5 2. c4 c6 3. Nc3 Nf6 4. cxd5 cxd5 5. f3 Nc6 6. e4 dxe4 7. d5 Ne5 8. fxe4 e6 9. Nf3 Nxf3+ 10. Qxf3 exd5 11. e5 Nd7 12. Qxd5 Bb4 13. Bc4 Qe7 14. O-O O-O 15. Bg5 Qc5+ 16. Kh1 Nxe5 17. Qxc5 Bxc5 18. Be2 Bg4 19. Rae1 Rfe8 20. Bb5 Bd7 21. Bxd7 Nxd7 22. Rd1 Ne5 23. Rd5 Bb6 24. Na4 f6 25. Bf4 Red8 26. Rb5 Nd3 27. Nxb6 axb6 28. h3 Rxa2 29. b3 Nxf4 30. Rxf4 Rdd2 31. Rg4 g5 32. h4 h5 33. Rg3 Ra1+ 34. Kh2 Rdd1 35. Rh3 Rh1+ 36. Kg3 Rxh3+ 37. gxh3 gxh4+ 38. Kxh4 Ra6 39. b4 Kg7 40. Kxh5 Kf7 41. h4 Kg7 42. Kg4 Kg6 43. Kf4 Ra1 44. Rxb6 Rh1 45. Kg4 Rg1+ 46. Kf4 Rc1 47. Rxb7 Rc4+ 48. Kg3 Kf5 49. Rb5+ Ke4 50. h5 f5 51. h6 Rc3+ 52. Kf2 Rc2+ 53. Ke1 Rh2 54. Rb6 Kf3 55. Rg6 f4 56. b5 Re2+ 57. Kd1 Re8 58. h7 Rh8 59. Rg7 Kf2 60. b6 f3 61. b7 Kf1 62. Rg8 Rxg8 63. hxg8=Q f2 64. Qf7 Kg1 65. b8=Q Kh1 66. Qh5+ Kg2 67. Qbh2+ Kf1 68. Q5h3# 1-0

[Event "Nordic Youth-ch A 2019"]
[Site "Borgarnes"]
[Date "2019.02.17"]
[Round "6.9"]
[White "Wartiovaara, Oliver"]
[Black "Liu, Casper"]
[Result "0-1"]
[ECO "B00"]
[WhiteElo "2021"]
[BlackElo "2126"]
[Annotator "NA"]
[PlyCount "114"]
[EventDate "2019.02.03"]
[EventType "swiss"]
[EventCountry "ISL"]
[SourceTitle "playchess.com"]
[Source "ChessBase"]
[SourceQuality "1"]
[TimeControl "5400+30"]

1. e4 Nc6 2. Nf3 d6 3. d4 g6 4. c3 Bg7 5. Bd3 Nf6 6. O-O O-O 7. h3 e5 8. Re1 Nd7 9. dxe5 $146 {[%emt 0:01:14] B07: Pirc Defence: Miscellaneous Systems} ({Predecessor:} 9. Bf1 h6 10. Na3 Re8 11. Nc2 a6 12. a4 Nf6 13. Bd3 a5 14. Na3 exd4 15. cxd4 Nb4 16. Bb1 c6 17. Nc2 Na6 18. Na3 Nb4 19. Nc2 Na6 20. Na3 {½-½ (20) Borisek,J (2538)-Spraggett,K (2575) Burguillos 2010}) 9... Ncxe5 10. Nxe5 Nxe5 11. Bc2 Re8 12. Nd2 Qh4 13. Nf3 Nxf3+ 14. Qxf3 Bd7 15. Be3 Bc6 16. Qf4 Qxf4 17. Bxf4 Re7 18. f3 a5 19. a4 Rae8 20. Kf2 Kf8 21. Bg5 Rd7 22. Bb3 h6 23. Be3 g5 24. Bd4 h5 25. g4 h4 26. Be3 Be5 27. Red1 Bg3+ 28. Kf1 f6 29. Bf2 Be5 30. Bd5 Bxd5 31. Rxd5 Ra8 32. Rad1 c6 33. R5d3 b5 34. axb5 cxb5 35. Bd4 Ke7 36. Bxe5 fxe5 37. Rd5 Rb8 38. Ke2 Rb6 39. Ra1 Ra7 40. b4 a4 41. Kd2 Ke6 42. Kc2 Rf7 43. Rd3 Rb8 44. Kb2 Rbf8 45. Rf1 Kd7 46. Rf2 Rf4 $17 47. Rf1 Rxe4 48. Rfd1 Re2+ 49. Ka3 Rf6 50. Rd5 Kc6 51. R1d3 Rf2 52. c4 bxc4 53. b5+ Kd7 54. Rc3 R2xf3 55. Rxf3 Rxf3+ 56. Kxa4 Rxh3 57. b6 Rb3 0-1

[Event "Nordic Youth-ch A 2019"]
[Site "Borgarnes"]
[Date "2019.02.17"]
[Round "6.10"]
[White "Fuglestein, Sander"]
[Black "Vitenberg, Noam Aviv"]
[Result "0-1"]
[ECO "E04"]
[WhiteElo "2024"]
[BlackElo "2180"]
[Annotator "NA"]
[PlyCount "62"]
[EventDate "2019.02.03"]
[EventType "swiss"]
[EventCountry "ISL"]
[SourceTitle "playchess.com"]
[Source "ChessBase"]
[SourceQuality "1"]
[TimeControl "5400+30"]

1. d4 d5 2. c4 e6 3. Nf3 Nf6 4. g3 dxc4 5. Bg2 a6 6. a4 Nc6 7. O-O Rb8 8. e3 {E04: Open Catalan: 5 Nf3} b5 (8... Be7 9. Nfd2 e5 10. Bxc6+ bxc6 11. dxe5 Ng4 12. Nxc4 Qd5 13. Qd4 Bc5 14. Qc3 Bb4 15. Qd4 Bc5 16. Qc3 Bb4 17. Qd4 Bc5 {½-½ (17) Arvola,B (2493)-Nikolaidis,I (2544) Batumi 2018}) 9. Qe2 Bb7 10. Rd1 Bb4 $146 ({Predecessor:} 10... Nb4 11. axb5 axb5 12. Nc3 Be7 13. Ne5 Bxg2 14. Kxg2 O-O 15. Qf3 Qc8 {0-1 (61) Scheiblmaier,R (2208)-Rusche,J (2221) Austria 2014}) 11. Nc3 Bxc3 12. bxc3 Ne7 13. Ne5 Bxg2 14. Kxg2 Nfd5 15. Bb2 O-O 16. e4 Nb6 17. axb5 axb5 18. Ba3 Ra8 19. Rdb1 f6 20. Nf3 c6 21. Qe3 Re8 22. h4 Qc7 23. h5 Ra4 (23... h6 $17) 24. Bc5 Rea8 25. Rxa4 Nxa4 26. Bb4 h6 27. Nh2 c5 ({Black should try} 27... e5 $17 28. Ng4 Rd8) 28. Bxc5 Nxc5 29. dxc5 Qc6 30. Rd1 Rc8 31. Rd6 Nf5 $19 {Double Attack} 0-1

[Event "Nordic Youth-ch A 2019"]
[Site "Borgarnes"]
[Date "2019.02.17"]
[Round "6.11"]
[White "Mitra, Akash"]
[Black "Aalto, Patrik"]
[Result "1/2-1/2"]
[ECO "B23"]
[WhiteElo "1916"]
[BlackElo "1985"]
[Annotator "NA"]
[PlyCount "115"]
[EventDate "2019.02.03"]
[EventType "swiss"]
[EventCountry "ISL"]
[SourceTitle "playchess.com"]
[Source "ChessBase"]
[SourceQuality "1"]
[TimeControl "5400+30"]

1. e4 c5 2. Nc3 Nc6 3. f4 g6 4. Nf3 Bg7 5. Bb5 Nd4 6. O-O Nxb5 7. Nxb5 d6 8. d3 a6 9. Nc3 e6 10. Qe1 Ne7 11. Be3 O-O 12. Qh4 Nc6 13. Qf2 b6 {[%emt 0:07:22] B23: Closed Sicilian: Lines without g3} 14. Rad1 $146 ({Predecessor:} 14. Rae1) 14... d5 15. d4 c4 $1 16. e5 b5 17. g4 f5 18. gxf5 Rxf5 19. Kh1 Ne7 20. Rg1 Rf8 21. Rg4 Nf5 22. Rdg1 Bd7 23. Nh4 Ne7 (23... b4 $17 24. Ne2 Nxh4 25. Rxh4 Ba4) 24. Nf3 Nf5 25. Nh4 Ne7 26. Nd1 Qe8 27. Bd2 a5 $1 28. Ne3 Bh6 29. Nhg2 Qf7 30. Qh4 Bg7 31. Ne1 Nf5 $11 32. Nxf5 Qxf5 ({Of course not} 32... exf5 $6 33. Nf3 $14) 33. Qf2 (33. Nf3 $11 {remains equal.}) 33... Qe4+ 34. R1g2 Rf5 35. Qe3 Qxe3 36. Bxe3 Raf8 37. R2g3 Kf7 38. Nf3 Ke8 39. Rh3 Rh8 40. Ng5 h5 41. Rg1 Bh6 42. Rhg3 Bxg5 43. Rxg5 Rxg5 44. Rxg5 Kf7 45. Rg3 b4 46. Bd2 Rb8 47. Kg1 Ba4 48. c3 b3 49. a3 Bd7 50. Rf3 Rg8 51. Be1 Kg7 52. Bh4 a4 53. Bf6+ Kh7 54. Kg2 Rf8 55. Kg3 Re8 56. Kh4 Bc8 57. Kg5 Bd7 58. Re3 1/2-1/2

[Event "Nordic Youth-ch A 2019"]
[Site "Borgarnes"]
[Date "2019.02.17"]
[Round "6.12"]
[White "Davidsson, Oskar Vikingur"]
[Black "Ehrenreich, Simon"]
[Result "0-1"]
[ECO "B06"]
[WhiteElo "1941"]
[BlackElo "1756"]
[Annotator "NA"]
[PlyCount "74"]
[EventDate "2019.02.03"]
[EventType "swiss"]
[EventCountry "ISL"]
[SourceTitle "playchess.com"]
[Source "ChessBase"]
[SourceQuality "1"]
[TimeControl "5400+30"]

1. e4 g6 2. d4 Bg7 3. Nc3 d6 4. Be2 a6 5. a4 {B06: Modern Defence} (5. h4 h5 6. Nf3 b5 7. Ng5 Bb7 8. f3 Nd7 9. a4 b4 10. Nd5 Bxd5 11. exd5 Ngf6 12. c4 bxc3 13. bxc3 Nxd5 {0-1 (31) Yeritsyan,A (2372)-Seliverstov,V (2462) St Petersburg 2018}) 5... Nd7 6. Be3 b6 7. Nf3 c5 8. O-O Bb7 9. Re1 Rc8 $146 ({Predecessor:} 9... Ngf6 10. e5 Ng4 11. exd6 Nxe3 12. dxe7 Qxe7 13. fxe3 Qxe3+ 14. Kh1 {1-0 (46) Ljubarskij,J (2283)-Rychlik,K (2069) Sooden Allendorf 2015}) 10. Qd2 Qc7 11. Bf1 Ngf6 12. e5 dxe5 13. dxe5 Nxe5 14. Nxe5 Qxe5 15. Bh6 Bxh6 16. Qxh6 Qd6 17. Rad1 Qc6 18. f3 Rg8 19. Bc4 g5 20. Nd5 ({Better is} 20. Bb5 $16 axb5 21. axb5) 20... Nxd5 21. Qxh7 Qg6 22. Qxg6 Rxg6 23. Bxd5 Bxd5 24. Rxd5 Rd8 25. Rde5 e6 26. a5 Rb8 27. b3 Kd7 28. axb6 Kc6 29. Ra1 Rxb6 30. Ra5 Rb5 31. Rxa6+ Kb7 32. Ra3 Kc6 33. Kf2 Kd6 34. Re2 Kc6 35. Ke3 Kb6 36. Kd3 Rg8 37. Re5 $19 (37. c3 $18) 37... c4+ 0-1

[Event "Nordic Youth-ch A 2019"]
[Site "Borgarnes"]
[Date "2019.02.17"]
[Round "6.13"]
[White "Shehzad, Shazil"]
[Black "Soderstrom, Adrian"]
[Result "1-0"]
[ECO "B76"]
[WhiteElo "1959"]
[BlackElo "2138"]
[Annotator "NA"]
[PlyCount "107"]
[EventDate "2019.02.03"]
[EventType "swiss"]
[EventCountry "ISL"]
[SourceTitle "playchess.com"]
[Source "ChessBase"]
[SourceQuality "1"]
[TimeControl "5400+30"]

1. e4 c5 2. Nf3 d6 3. d4 cxd4 4. Nxd4 Nf6 5. Nc3 g6 6. Be3 Bg7 7. f3 O-O 8. Qd2 Nc6 9. O-O-O d5 10. Qe1 e5 11. Nxc6 bxc6 12. exd5 cxd5 13. Bg5 Bb7 {[%emt 0:23:33] B76: Sicilian Dragon: Yugoslav Attack, 9 g4 and 9 0-0-0} 14. Bc4 Qb6 15. Bxf6 Bxf6 16. Bxd5 $146 ({Predecessor:} 16. Nxd5 Bxd5 17. Rxd5 e4 18. Rb5 Qc7 19. Qxe4 Rad8 20. Rb7 Qa5 21. c3 {1-0 (41) Krzyzanowski,M (2473)-Kopta,P (2210) Klatovy 2018}) 16... Rab8 17. Bb3 Rfc8 18. h4 a5 19. Rd7 Rf8 20. a4 Qc5 21. Kb1 Bc6 22. Rd3 Rfc8 23. h5 g5 24. Qd2 Be7 25. h6 Qb4 26. Rh5 Qf4 27. Nd5 Bxd5 28. Qxf4 ({Weaker is} 28. Bxd5 Rb4 $16) 28... exf4 29. Rxd5 Bd8 30. Rh1 Kf8 31. Re1 Ra8 32. Rde5 Bf6 33. Rf5 Ra6 34. Rd1 Rc7 35. Rdd5 Rca7 36. Rb5 Bd8 37. Rfd5 Ke8 (37... Ke7 {might work better.} 38. Rxg5 Rxh6) 38. Bc4 Rc6 39. Bd3 Rd7 40. Rxd7 Kxd7 $18 41. Rb7+ Rc7 42. Rxc7+ Bxc7 43. Bxh7 Ke6 44. c3 Bd6 45. Bg8 Be5 46. Kc2 g4 47. fxg4 Kf6 48. h7 Kg5 49. Bxf7 Kxg4 50. Bd5 Bf6 51. b4 axb4 52. cxb4 Kf5 53. a5 Ke5 54. a6 1-0

[Event "Nordic Youth-ch A 2019"]
[Site "Borgarnes"]
[Date "2019.02.17"]
[Round "6.15"]
[White "Moller, Albert Mechlenburg"]
[Black "Dale, Gunnar Brandshaug"]
[Result "0-1"]
[ECO "D35"]
[WhiteElo "1845"]
[BlackElo "1889"]
[Annotator "NA"]
[PlyCount "74"]
[EventDate "2019.02.03"]
[EventType "swiss"]
[EventCountry "ISL"]
[SourceTitle "playchess.com"]
[Source "ChessBase"]
[SourceQuality "1"]
[TimeControl "5400+30"]

1. c4 e6 2. Nc3 d5 3. d4 Nf6 4. g3 Be7 5. Bg2 O-O 6. e3 c6 7. Nge2 Nbd7 8. O-O dxc4 9. Qc2 Qc7 10. Ne4 e5 11. Qxc4 Nxe4 12. Bxe4 Nf6 13. Bg2 Be6 14. Qc2 Rfd8 15. b3 exd4 16. Nxd4 Bd5 17. Bb2 Bxg2 18. Kxg2 Nd5 19. a3 Bf6 20. Rad1 Rd7 21. Rd3 Rad8 22. Rfd1 c5 23. Nb5 Qc6 24. e4 Ne3+ 25. Rxe3 Rxd1 26. Bxf6 Qxf6 27. Qc4 R1d2 28. Rf3 Qe6 29. Nxa7 Qxc4 30. bxc4 Rc2 31. Rb3 Rdd2 32. Rxb7 Rxf2+ 33. Kg1 Rg2+ 34. Kf1 g6 35. Rb1 Rxh2 36. Kg1 Rhg2+ 37. Kh1 Rxg3 0-1

[Event "Nordic Youth-ch A 2019"]
[Site "Borgarnes"]
[Date "2019.02.17"]
[Round "6.16"]
[White "Falkevall, Axel"]
[Black "Sokka, Valtteri"]
[Result "1-0"]
[ECO "C07"]
[WhiteElo "2070"]
[BlackElo "1475"]
[Annotator "NA"]
[PlyCount "129"]
[EventDate "2019.02.03"]
[EventType "swiss"]
[EventCountry "ISL"]
[SourceTitle "playchess.com"]
[Source "ChessBase"]
[SourceQuality "1"]
[TimeControl "5400+30"]

1. e4 e6 2. d4 d5 3. Nd2 c5 4. exd5 cxd4 5. Ngf3 Nf6 (5... Qxd5 6. Bc4 Qd7 7. O-O Nc6 8. Nb3 a6 9. a4 Nf6 10. Qe2 Bd6 11. Rd1 e5 12. Nbxd4 O-O 13. Nxc6 Qxc6 14. Bg5 {1-0 (29) Jones,G (2682)-McShane,L (2664) London 2018}) 6. dxe6 {[%emt 0:01:49] C07: French Tarrasch: 3...c5, 4 Ngf3 and 4 exd5 Qxd5} Bxe6 7. Bd3 Bb4 $146 ({Predecessor:} 7... Nc6 8. O-O h6 9. Nb3 Bd6 10. Bb5 O-O 11. Bxc6 bxc6 12. Nbxd4 Bd5 13. Nf5 {1-0 (61) Nurdin Uulu,S-Sultanbekov,K (1928) Bishkek 2018}) 8. O-O Bxd2 9. Bxd2 O-O 10. Bb4 Re8 11. Nxd4 Kh8 12. Nxe6 Rxe6 13. Bc3 Nc6 14. Re1 Rxe1+ 15. Qxe1 Qd6 16. h3 Re8 17. Qd2 Ne5 18. Bb5 Qxd2 19. Bxd2 Rd8 20. Bc3 Ng6 21. Re1 Kg8 22. Bxf6 gxf6 23. Re8+ Rxe8 24. Bxe8 Kf8 25. Bb5 Ke7 26. Bd3 Kd6 27. Bxg6 fxg6 28. Kf1 Kd5 29. Ke2 Ke4 30. c3 b5 $18 31. g3 h6 32. f3+ Ke5 33. Ke3 g5 34. f4+ gxf4+ 35. gxf4+ Kd5 36. Kd3 f5 37. b3 a6 38. b4 Ke6 39. Kd4 Kd6 40. h4 Ke6 41. h5 Kd6 42. a3 Kd7 43. Kd5 Kc7 44. Ke5 Kc6 45. Kxf5 Kd5 46. Kg6 Kc4 47. f5 Kxc3 48. f6 Kb3 49. f7 Kxa3 50. f8=Q Ka4 51. Qa8 Kxb4 52. Qxa6 Kc5 53. Qxb5+ Kxb5 54. Kxh6 Kc5 55. Kg7 Kd5 56. h6 Ke4 57. h7 Kd3 58. h8=Q Kc2 59. Qh3 Kb1 60. Qg2 Ka1 61. Kf6 Kb1 62. Ke5 Ka1 63. Kd4 Kb1 64. Kc3 Ka1 65. Qb2# 1-0

[Event "Nordic Youth-ch A 2019"]
[Site "Borgarnes"]
[Date "2019.02.17"]
[Round "6.17"]
[White "Kvaloy, Aksel Bu"]
[Black "Moller, Tomas"]
[Result "1-0"]
[ECO "B44"]
[WhiteElo "2066"]
[BlackElo "1226"]
[Annotator "NA"]
[PlyCount "79"]
[EventDate "2019.02.03"]
[EventType "swiss"]
[EventCountry "ISL"]
[SourceTitle "playchess.com"]
[Source "ChessBase"]
[SourceQuality "1"]
[TimeControl "5400+30"]

1. e4 c5 2. Nf3 e6 3. d4 cxd4 4. Nxd4 Nc6 5. Nb5 d6 6. c4 a6 {[%emt 0:01:14] B44: Sicilian: Taimanov: 5 Nb5} (6... Nf6 7. N5c3 b6 8. Be2 Bb7 9. Bf4 a6 10. O-O Be7 11. Re1 O-O 12. Bf1 Rc8 13. Nd2 Nd7 14. Rc1 Nce5 15. Bg3 Bh4 16. Bxh4 Qxh4 17. g3 Qe7 18. f4 Ng6 19. Nf3 Nf6 20. Qd2 Rfd8 {0-1 (65) Jumabayev,R (2594)-Adhiban,B (2671) Hamedan 2018 CBM 186 [Adhiban,B]}) 7. N5c3 Qc7 8. Be2 Nf6 9. O-O Be7 10. Bf4 O-O 11. Nd2 Bd7 $146 ({Predecessor:} 11... Nd7 12. Re1 Re8 13. Rc1 Nce5 14. a3 b6 15. b4 Bb7 16. Bf1 Rac8 17. Qe2 Qb8 {1-0 (58) Castellanos Rodriguez,R (2505)-Kambrath,Y (2292) Lille 2013}) 12. Re1 Rac8 13. Rc1 Nd4 14. Bf1 e5 15. Be3 Qb8 16. Nb3 Nxb3 17. Qxb3 h6 18. Red1 Be6 19. a4 Rc6 20. Nd5 Bxd5 21. exd5 Rcc8 22. h3 Ne4 23. Qc2 Nc5 (23... f5 $14) 24. b4 Nd7 25. a5 f5 26. f3 Rc7 (26... Bg5 $16 {might work better.} 27. Bxg5 hxg5) 27. c5 f4 (27... Bg5 {keeps fighting.} 28. Bxg5 hxg5) 28. Bf2 Rfc8 29. Qa4 Bf8 (29... e4 {was worth a try.} 30. fxe4 Ne5) 30. c6 Nf6 31. Bb6 Rf7 32. cxb7 Qxb7 33. Rxc8 Qxc8 34. Qc6 Qb8 35. Bxa6 Nd7 36. Qc8 Re7 $18 37. Qxb8 Nxb8 38. Bb5 Rb7 39. Bc6 Rf7 40. b5 1-0

[Event "Nordic Youth-ch A 2019"]
[Site "Borgarnes"]
[Date "2019.02.17"]
[Round "6.18"]
[White "Olsen, William Alexander"]
[Black "Koota, Ilkka"]
[Result "0-1"]
[ECO "C60"]
[WhiteElo "1646"]
[BlackElo "1514"]
[Annotator "NA"]
[PlyCount "162"]
[EventDate "2019.02.03"]
[EventType "swiss"]
[EventCountry "ISL"]
[SourceTitle "playchess.com"]
[Source "ChessBase"]
[SourceQuality "1"]
[TimeControl "5400+30"]

1. e4 e5 2. Nf3 Nc6 3. Bb5 g6 4. O-O Bg7 5. c3 a6 6. Ba4 d6 7. h3 Bd7 8. d4 h6 9. Be3 Nf6 10. Bc2 O-O 11. Nbd2 Re8 12. Re1 Nh7 13. Bb3 Na5 14. Nh2 Nxb3 15. Qxb3 b5 16. Rad1 Be6 17. d5 Bd7 18. c4 f5 19. f3 f4 20. Bf2 h5 21. Qd3 g5 22. Qf1 Nf6 23. g4 fxg3 24. Bxg3 h4 25. Bf2 Nh5 26. Be3 Kh7 27. Qg2 Rg8 28. Ng4 Nf4 29. Qf1 bxc4 30. Nxc4 Bb5 31. b3 a5 32. Bxf4 exf4 33. Qd3 Kh8 34. a4 Bxc4 35. Qxc4 Qd7 36. Rd3 Rgc8 37. Rc1 Rab8 38. Kg2 Rb6 39. Nf2 c5 40. Nd1 Ra8 41. Qc2 Rab8 42. Rb1 Rb4 43. Nb2 Bxb2 44. Qxb2+ Qg7 45. Rdd1 c4 46. Qxg7+ Kxg7 47. e5 Rxb3 48. Rbc1 Rb2+ 49. Kg1 R2b4 50. exd6 Rxa4 51. Rd4 Ra3 52. Rdxc4 Rd8 53. Rc7+ Kf6 54. R1c6 Rxf3 55. d7+ Ke5 56. Re6+ Kxd5 57. Re8 Kd6 58. Ra7 Rxd7 59. Rxa5 Re7 60. Ra6+ Kd7 61. Rb8 Rxh3 62. Rb7+ Ke8 63. Rb8+ Kf7 64. Rb5 Rg3+ 65. Kf2 Re6 66. Rf5+ Kg6 67. Rxg5+ Rxg5 68. Rxe6+ Kf5 69. Re1 h3 70. Rh1 Rg2+ 71. Kf3 Rg3+ 72. Kf2 Kg4 73. Rh2 f3 74. Ke3 Rg2 75. Rxg2+ fxg2 76. Kf2 Kf4 77. Kg1 Kf3 78. Kh2 Kf2 79. Kxh3 g1=Q 80. Kh4 Qg6 81. Kh3 Qg3# 0-1